 Dungeon Crawl Stone Soup version 0.32-a0-411-g744942f433 (webtiles) character file.

Game seed: 16713947917898961327

340 Xavori the Trooper (level 6, 0/47 HPs)
             Began as a Djinni Chaos Knight on Feb 20, 2024.
             Was a Plaything of Xom.
             Slain by a wight
             ... wielding a +0 halberd
              (9 damage)
             ... on level 4 of the Dungeon.
             The game lasted 00:03:01 (5703 turns).

Xavori the Trooper (Djinni Chaos Knight)            Turns: 5703, Time: 00:03:02

Health: 0/47       AC:  9    Str: 17    XL:     6   Next: 87%
Gold:   201        EV: 14    Int: 10    God:    Xom [....*.] SH:  4 Dex: 24

rFire   + + .        a - +0 falchion (chaos)
rCold   x . .        (no shield)
rNeg    . . .        b - +2 leather armour
rPois   ∞            (helmet restricted)
rElec   .            (no cloak)
rCorr   +            (no gloves)
SInv    .            (boots unavailable)
Will    +....        (no amulet)
Stlth   ++++         m - ring of resist corrosion
HPRegen 0.27/turn    r - +4 ring of protection
MPRegen 0.00/turn

%: infuse magic (-1 HP)
@: flying
A: sickness immunity, fire resistance 2, cold vulnerability 1, float, innate
caster, HP casting, extra vitality 1, antennae 1, large bone plates 1, thin
skeletal structure 2, agile 2, strong-willed 1, strong 2, wild magic 1,
MP-powered wands
a: Renounce Religion


You were on level 4 of the Dungeon.
You worshipped Xom.
You were a beloved toy of Xom.
You visited 1 branch of the dungeon, and saw 4 of its levels.

You collected 201 gold pieces.

Inventory:

Hand Weapons
 a - a +0 falchion of chaos (weapon)
Missiles
 h - 3 curare-tipped darts (quivered)
Armour
 b - a +2 leather armour (worn)
 k - a +0 helmet
Jewellery
 m - a ring of resist corrosion (left hand)
 o - the ring "Odovvem" {Fire Int+3 Stlth+}
   (You found it on level 3 of the Dungeon)

   [ring of fire]

   Fire:      It enhances your fire magic.
   Int+3:     It affects your intelligence (+3).
   rF+:       It protects you from fire.
   rC-:       It makes you vulnerable to cold.
   Stlth+:    It makes you more stealthy.
 r - a +4 ring of protection (right hand)
Scrolls
 c - a scroll of butterflies
 d - a scroll of vulnerability
 f - a scroll of teleportation
 g - 3 scrolls of blinking
 j - a scroll of poison {unknown}
 l - a scroll of amnesia {unknown}
 n - a scroll of identify {unknown}
 q - a scroll of revelation {unknown}
 s - a scroll of enchant weapon {unknown}
Potions
 e - a potion of mutation {unknown}
 i - a potion of degeneration {unknown}
 p - 2 potions of heal wounds {unknown}
 t - a potion of curing {unknown}
 u - 2 potions of enlightenment {unknown}
 v - a potion of lignification {unknown}


   Skills:
 + Level 3.9 Fighting
 + Level 3.5 Long Blades
 + Level 2.6 Armour
 + Level 3.5 Dodging
 * Level 2.7 Spellcasting
 * Level 2.7 Conjurations
 * Level 2.7 Hexes
   Level 0.0 Charms
 * Level 2.7 Summonings
 * Level 2.7 Necromancy
 * Level 2.7 Translocations
   Level 0.0 Transmutations
 * Level 2.7 Fire Magic
 * Level 2.7 Ice Magic
 * Level 2.7 Air Magic
 * Level 2.7 Earth Magic
 * Level 2.7 Alchemy


You knew the following spells:

 Your Spells              Type           Power      Damage    Failure   Level
a - Apportation           Tloc           16%        N/A       17%         1
b - Momentum Strike       Conj/Tloc      16%        3d8       24%         2
Your spell library was empty.

Dungeon Overview and Level Annotations

Branches:
Dungeon (4/15)
 Temple: D:4-7

Altars:
Xom
Yredelemnul

Shops:
D:3 =

Annotations:
D:3 3 runed translucent doors, Azoth's ghost, amateur MDFi


Innate Abilities, Weirdness & Mutations

You are immune to sickness and miasma.
You are immune to poison.
Your flesh is very heat resistant. (rF++)
You are vulnerable to cold. (rC-)
You float through the air rather than walking.
You learn spells naturally, not from books.
Your magical power is your life essence.
You have superior vitality. (+4 MHP)
You have a pair of small antennae on your head.
You are partially covered in large bone plates. (SH +4)
You have a moderately thin skeletal structure. (Dex +4, Stealth++)
You are very agile. (Dex +8, Str/Int -2)
You are strong-willed. (Will+)
Your muscles are very strong. (Str +8, Int/Dex -2)
Your spells are a little harder to cast, but a little more powerful.
You expend health (3 HP) to strengthen your wands.


Message History

The wight closely misses you.
You completely miss the wight.
The wight is heavily damaged.
Xom grants you insight.
You feel aware of your surroundings. The wight barely misses you.
You hit the wight.
The wight is severely damaged.
The wight hits you with a +0 halberd.
You hit the wight but do no damage.
The wight is severely damaged.
The wight barely misses you. The wight hits you with a +0 halberd.
You hit the wight.
The wight is almost destroyed.
You are now a beloved toy of Xom.
The wight closely misses you.
You hit the wight but do no damage.
The wight seems to speed up.
The wight is almost destroyed.
The wight misses you. The wight barely misses you.
You closely miss the wight.
The wight is almost destroyed.
The wight hits you but does no damage.
You barely miss the wight.
The wight is almost destroyed.
The wight hits you with a +0 halberd!!
* * * LOW HITPOINT WARNING * * *
The wight hits you with a +0 halberd!
You die... "That's my teddy bear, go get your own!"
Xom revives you!
You aren't carrying any items that you can evoke.
Unknown command.
Okay, then.
You hit the wight but do no damage.
The wight is almost destroyed.
The wight misses you.
You barely miss the wight.
The wight is almost destroyed.
The wight hits you with a +0 halberd!
You die...
Xom howls with laughter!

, ,, , , ,,** * * ,
,,,...,,,, * **
**,..# * ** * *,* *
#.#,*, ,,, *,* ,
#z#,****** * ,, ,
#l#,* * ,,* , #z#,*
* *** #z#,*** ** ,
#@# ,,,,,* ,
#####.#####.#* *,,
, #..._.......# ,
#.._)######## , ,
#).._....# *,,,,
#........# * ,,
#........########*
,
#........'.......*,
*
#........#######.*


You could see an iguana and 3 wights.

Vanquished Creatures
  A wight (D:4)
  A bombardier beetle (D:3)
  Natasha (thrice) (D:3)
  5 adders
  4 dart slugs
  2 ribbon worms (D:2)
  An orc (D:3)
  9 ball pythons
  9 bats
  8 endoplasms
  2 giant cockroaches (D:2)
  4 goblins
  3 hobgoblins
  3 jackals (D:1)
  A quokka (D:2)
  7 frilled lizards
  8 kobolds
  6 rats
77 creatures vanquished.

Vanquished Creatures (collateral kills)
  An endoplasm (D:3)
  A rat (D:2)
2 creatures vanquished.

Vanquished Creatures (others)
  A ball python zombie (D:2)
1 creature vanquished.

Grand Total: 80 creatures vanquished

Notes
Turn   | Place    | Note
-------+----------+-------------------------------------------
     0 | D:1      | Xavori the Djinni Chaos Knight began the quest for the Orb.
     0 | D:1      | Reached XP level 1. HP: 20/20 MP: 0/0
    30 | D:1      | Reached XP level 2. HP: 25/25 MP: 0/0
    97 | D:1      | XOM: silly message
   158 | D:1      | Reached XP level 3. HP: 30/30 MP: 0/0
   158 | D:1      | Learned a level 1 spell: Apportation
   272 | D:1      | Reached skill level 1 in Spellcasting
   272 | D:1      | Reached skill level 1 in Conjurations
   272 | D:1      | Reached skill level 1 in Hexes
   272 | D:1      | Reached skill level 1 in Summonings
   272 | D:1      | Reached skill level 1 in Necromancy
   272 | D:1      | Reached skill level 1 in Translocations
   272 | D:1      | Reached skill level 1 in Fire Magic
   272 | D:1      | Reached skill level 1 in Ice Magic
   272 | D:1      | Reached skill level 1 in Air Magic
   272 | D:1      | Reached skill level 1 in Earth Magic
   272 | D:1      | Reached skill level 1 in Alchemy
   630 | D:1      | XOM: cloud trail
   645 | D:1      | XOM: silly message
  1647 | D:1      | XOM: silly message
  2072 | D:1      | XOM is BORED!
  2093 | D:1      | XOM: give mutations
  2093 | D:1      | Gained mutation: You occasionally lose the ability to drink
                  | potions when taking damage. [Xom's mischief]
  2093 | D:1      | Lost mutation: You occasionally lose the ability to drink
                  | potions when taking damage. [Xom's mischief]
  2266 | D:1      | XOM: torment (16/30 hp)
  2597 | D:1      | XOM: divination: detect creatures
  3010 | D:1      | XOM: give mutations
  3010 | D:1      | Gained mutation: You are agile. (Dex +4, Str/Int -1) [Xom's
                  | grace]
  3010 | D:1      | Gained mutation: You are very agile. (Dex +8, Str/Int -2)
                  | [Xom's grace]
  3010 | D:1      | Gained mutation: Your muscles are strong. (Str +4, Int/Dex
                  | -1) [Xom's grace]
  3060 | D:1      | XOM is BORED!
  3060 | D:1      | XOM: draining
  3550 | D:1      | XOM: summons 2 hostile demons
  3595 | D:2      | Reached XP level 4. HP: 14/32 MP: 0/0
  3787 | D:2      | XOM: cleaving
  4270 | D:1      | XOM: give mutations
  4270 | D:1      | Gained mutation: You expend health (3 HP) to strengthen
                  | your wands. [Xom's grace]
  4270 | D:1      | Gained mutation: You have a somewhat thin skeletal
                  | structure. (Dex +2, Stealth+) [Xom's grace]
  4270 | D:1      | Gained mutation: You have a pair of small antennae on your
                  | head. [Xom's grace]
  4591 | D:2      | Reached XP level 5. HP: 40/40 MP: 0/0
  4591 | D:2      | Learned a level 2 spell: Momentum Strike
  4820 | D:2      | XOM: give mutation
  4820 | D:2      | Gained mutation: You have a moderately thin skeletal
                  | structure. (Dex +4, Stealth++) [Xom's grace]
  4963 | D:3      | Noticed Natasha
  4973 | D:3      | Killed Natasha
  4976 | D:3      | Identified the ring "Odovvem" {Fire Int+3 Stlth+}
  4983 | D:3      | Found a basalt altar of Yredelemnul.
  5172 | D:3      | Found Niubup's Jewellery Shop.
  5235 | D:3      | Noticed Natasha
  5240 | D:3      | Killed Natasha
  5241 | D:3      | Reached XP level 6. HP: 47/47 MP: 0/0
  5255 | D:3      | Noticed Azoth's ghost (amateur MDFi)
  5264 | D:3      | Noticed Natasha
  5267 | D:3      | Killed Natasha
  5297 | D:3      | Found a runed translucent gate.
  5297 | D:3      | Found a runed translucent gate.
  5297 | D:3      | Found a runed translucent gate.
  5477 | D:3      | XOM: give mutations
  5477 | D:3      | Gained mutation: You are partially covered in large bone
                  | plates. (SH +4) [Xom's grace]
  5477 | D:3      | Gained mutation: You are strong-willed. (Will+) [Xom's
                  | grace]
  5477 | D:3      | Gained mutation: Your spells are a little harder to cast,
                  | but a little more powerful. [Xom's grace]
  5477 | D:3      | Gained mutation: Your muscles are very strong. (Str +8,
                  | Int/Dex -2) [Xom's grace]
  5691 | D:4      | XOM: scenery: create altars
  5695 | D:4      | XOM: divination: magic mapping
  5701 | D:4      | Xom revived you
  5703 | D:4      | Slain by a wight

Illustrated notes

Levels and vault maps discovered:
D:1:      onia_arrival_handbag, layout_basic, minmay_misc_feat_pillars
D:2:      layout_rooms, hangedman_decor_lopped
D:3:      minmay_diamond_boxcup, layout_basic, lemuel_crystal_altar,
          serial_shops, nicolae_shop_statue_plus, gammafunk_ghost_icy,
          serial_park_tiny_1, chequers_serial_rivers_micro_c,
          chequers_serial_rivers_marsh, nrook_uturn, grunt_decor_cap,
          st_stairs_8, uniq_natasha
D:4:      layout_basic, minmay_fractal_squares_diagonal_5, uniq_robin

Skill      XL: |  1  2  3  4  5 |
---------------+----------------+-----
Spellcasting   | 1 2 |  2.7
Conjurations   | 1 2 |  2.7
Hexes          | 1 2 |  2.7
Summonings     | 1 2 |  2.7
Necromancy     | 1 2 |  2.7
Translocations | 1 2 |  2.7
Fire Magic     | 1 2 |  2.7
Ice Magic      | 1 2 |  2.7
Air Magic      | 1 2 |  2.7
Earth Magic    | 1 2 |  2.7
Alchemy        | 1 2 |  2.7
Long Blades    | 3 |  3.5
Armour         | 2 |  2.6
Dodging        | 3 |  3.5
Fighting       | |  3.9

Action                     |  1- 3 |  4- 6 || total
---------------------------+-------+-------++-------
  Melee: Falchion          |    75 |   138 ||   213
    Use: Scroll            |       |     3 ||     3
   Stab: Confused          |     1 |       ||     1
         Sleeping          |       |    10 ||    10
 Armour: Leather armour    |    49 |    68 ||   117
  Dodge: Dodged            |    64 |   102 ||   166
  Block: Other             |       |     2 ||     2

Table legend: (Time is in decaauts)
 A = Elapsed time spent in this place.
 B = Non-inter-level travel time spent in this place.
 C = Inter-level travel time spent in this place.
 D = Time resting spent in this place.
 E = Time spent auto-exploring this place.
 F = Levels seen in this place.
 G = Mean time per level.
                   A        B        C        D        E       F      G
               +--------+--------+--------+--------+--------+-----+--------+
         Total |   5747 |   5682 |     65 |   3714 |   1384 |   4 | 1436.8 |
       Dungeon |   5747 |   5682 |     65 |   3714 |   1384 |   4 | 1436.8 |
               +--------+--------+--------+--------+--------+-----+--------+

Top non-repeatable levels by time:
     D:1: 4361 daAuts
     D:3: 775 daAuts
     D:2: 532 daAuts
     D:4: 78 daAuts
